 Dungeon Crawl Stone Soup version 0.23-a0-643-g9ccc95a (webtiles) character file.

3541 Borgoz the Skirmisher (level 10, -2/88 HPs)
             Began as a Ghoul Abyssal Knight on Jan 1, 2019.
             Was an Elder of Lugonu.
             Slain by a cyclops (20 damage)
             ... on level 8 of the Dungeon.
             The game lasted 00:14:57 (9302 turns).

Borgoz the Skirmisher (Ghoul Abyssal Knight)        Turns: 9302, Time: 00:14:58

Health: -2/88      AC:  7    Str: 17    XL:     10   Next: 8%
Magic:  14/14      EV: 12    Int:  7    God:    Lugonu [****..]
Gold:   399        SH:  0    Dex: 11    Spells: 9/9 levels left

rFire    . . .     SeeInvis .     - Unarmed
rCold    + . .     Gourm    .   (no shield)
rNeg     + + +     Faith    .   e - +0 scale mail
rPois    ∞         Spirit   .   (no helmet)
rElec    .         Reflect  .   f - scarf {cloud immunity}
rCorr    .         Harm     .   (no gloves)
MR       .....                  (no boots)
Stlth    ..........             (no amulet)
HPRegen  0.00/turn              (no ring)
MPRegen  0.14/turn              (no ring)

@: confused, rotting
A: rotting body, claws 1, carnivore, cold resistance 1, negative energy
resistance 3, inhibited regeneration, torment resistance, unbreathing
a: Depart the Abyss, Bend Space, Banish, Corrupt, Renounce Religion


You were on level 8 of the Dungeon.
You worshipped Lugonu.
Lugonu was greatly pleased with you.
You were not hungry.

You visited 2 branches of the dungeon, and saw 9 of its levels.
You visited the Abyss 1 time.

You collected 399 gold pieces.

Inventory:

Armour
 e - a +0 scale mail (worn)
 f - a scarf of cloud immunity (worn)
 v - a +1 plate armour of poison resistance
Jewellery
 r - an uncursed ring of see invisible {unknown}
 s - an uncursed amulet of rage {unknown}
 x - a +2 ring of protection {unknown}
Wands
 j - a wand of polymorph (5)
Scrolls
 c - 2 scrolls of fog {unknown}
 d - 3 scrolls of fear
 g - 7 scrolls of remove curse
 k - 2 scrolls of enchant weapon {unknown}
 l - 3 scrolls of teleportation {unknown}
 m - 3 scrolls of enchant armour {unknown}
 n - 2 scrolls of amnesia {unknown}
 o - 2 scrolls of blinking {unknown}
 y - a scroll of magic mapping {unknown}
 A - 2 scrolls of immolation {unknown}
 B - a scroll of brand weapon {unknown}
Potions
 a - 2 potions of curing
 h - 3 potions of flight
 i - 2 potions of might
 p - 2 potions of haste
 t - a potion of magic
 u - a potion of lignification {unknown}
 w - a potion of heal wounds {unknown}
 C - a potion of agility {unknown}
Comestibles
 b - 18 rations


   Skills:
 + Level 7.6 Fighting
 + Level 5.9 Armour
 + Level 5.7 Dodging
 + Level 7.2 Unarmed Combat
 + Level 7.2 Invocations


You had 9 spell levels left.
You didn't know any spells.
Your spell library contained the following spells:

 Spells                   Type           Power        Failure   Level  Hunger
 Magic Dart               Conj           #...         80%         1    ##.....
 Blink                    Tloc           N/A          91%         2    ###....
 Call Imp                 Summ           #.......     91%         2    ###....
 Slow                     Hex            #.......     91%         2    ###....
 Conjure Flame            Conj/Fire      #.......     99%         3    ####...
 Mephitic Cloud           Conj/Pois/Air  #.......     99%         3    ####...


Dungeon Overview and Level Annotations

Branches:
Dungeon (8/15)             Temple (1/1) D:6
   Lair: D:8-11

Altars:
Ashenzari
Cheibriados
Elyvilon
Fedhas
Gozag
Hepliaklqana
Kikubaaqudgha
Makhleb
Nemelex Xobeh
Okawaru
Qazlal
Ru
Sif Muna
Trog
Uskayaw
Vehumet
Wu Jian
Xom
Yredelemnul
Zin
The Shining One

Shops:
D:6 *

Annotations:
D:7 2 transporters, Calas's ghost, novice GrFi


Innate Abilities, Weirdness & Mutations

Your body is rotting away.
You thrive on raw meat.
You are immune to poison.
You have sharp fingernails.
You are carnivorous and can eat meat at any time.
Your flesh is cold resistant. (rC+)
You are immune to negative energy. (rN+++)
You do not regenerate when monsters are visible.
You are immune to unholy pain and torment.
You can survive without breathing.


Message History

The cyclops is severely wounded.
The cyclops hits you!
You are too injured to fight recklessly!
You are too injured to fight recklessly!
You are too injured to fight recklessly!
You scratch the cyclops.
The cyclops is severely wounded.
The cyclops hits you!!
* * * LOW HITPOINT WARNING * * *
You claw the cyclops!
The cyclops is severely wounded.
You are confused.
You feel invigorated. The cyclops barely misses you.
You bump into the rock wall.
The cyclops hits you.
* * * LOW HITPOINT WARNING * * *
You bump into the rock wall.
You scratch the cyclops but do no damage.
The cyclops is severely wounded.
The cyclops hits you!!
You die...

#.# #.# #.# ##### ######## #.#
#...# #......# #.# #.#.#####
#.####.# #.# #.#...... ##.# #.#
#.# #.##..### .#.# #.#####.######
#.##..##. .).# #.........@..#
##.##..#.. #..## ###########C..#
#...#..... #...#########
......#.).##.... ###.........#
.#<####...##..#. #...#######.#
..## #.....#..## #.....# #.# .#
##.#(#.##.## ....#.#####.#
.####..#÷#..###. ..........#.#
####...##)##...##
...##.###.#.#####....###...###...


You could see a cyclops.

Vanquished Creatures
  Pikel (D:8)
  The ghost of MalarOregon the Poker, a novice MfIE of Nemelex Xobeh (D:6)
  A hippogriff (D:6)
  The ghost of MisterFreud the Slasher, an amateur OpGl of Cheibriados (D:4)
  2 hungry ghosts (D:7)
  Menkaure (D:4)
  A black bear (D:6)
  An ice beast (D:6)
  2 orc warriors
  5 ogres
  2 phantoms
  A centaur (D:8)
  A bullfrog (D:7)
  3 howler monkeys (D:8)
  A crimson imp (D:7)
  2 bullfrog zombies
  A centaur zombie (D:6)
  A jelly (D:4)
  3 orc priests
  2 hounds
  3 orc wizards (D:6)
  2 iguanas
  Terence (D:3)
  4 worker ants
  A howler monkey zombie (D:7)
  2 howler monkey skeletons
  11 adders
  4 gnolls
  A shadow imp (D:7)
  2 oozes
  An adder zombie (D:8)
  4 worms
  3 dart slugs
  5 leopard geckos
  26 orcs
  2 ball pythons
  4 giant cockroaches
  8 goblins
  6 hobgoblins
  10 jackals
  9 kobolds
  8 bats
  9 frilled lizards
  A giant cockroach zombie (D:5)
  A jackal zombie (D:6)
  A leopard gecko skeleton (D:7)
  A quokka skeleton (D:7)
  6 rats
169 creatures vanquished.

Vanquished Creatures (others)
  A big kobold (D:8)
  2 kobolds (D:8)
3 creatures vanquished.

Grand Total: 172 creatures vanquished

Notes
Turn   | Place    | Note
-------+----------+-------------------------------------------
     0 | Abyss:1  | Borgoz the Ghoul Abyssal Knight began the quest for the
                  | Orb.
     0 | Abyss:1  | Reached XP level 1. HP: 19/19 MP: 1/1
    41 | Abyss:2  | Noticed a five-headed hydra skeleton
    41 | D:1      | Escaped the Abyss
   136 | D:1      | Reached skill level 1 in Dodging
   236 | D:1      | Reached XP level 2. HP: 26/26 MP: 2/2
   341 | D:1      | Reached * piety under Lugonu
   402 | D:1      | Reached XP level 3. HP: 17/31 MP: 3/3
   756 | D:2      | Found a glowing golden altar of the Shining One.
  1163 | D:2      | Reached XP level 4. HP: 40/40 MP: 4/4
  1237 | D:2      | Found an opulent altar of Gozag.
  1644 | D:3      | Found a burning altar of Makhleb.
  1911 | D:3      | Reached ** piety under Lugonu
  1921 | D:3      | Found a faded altar of an unknown god.
  2103 | D:3      | Noticed Terence
  2130 | D:3      | Reached XP level 5. HP: 36/46 MP: 6/6
  2141 | D:3      | Killed Terence
  2632 | D:4      | Reached XP level 6. HP: 26/52 MP: 7/7
  2865 | D:4      | Found an iron altar of Okawaru.
  2910 | D:4      | Found a basalt altar of Yredelemnul.
  3022 | D:4      | Noticed Menkaure
  3045 | D:4      | Killed Menkaure
  3045 | D:4      | Reached XP level 7. HP: 16/60 MP: 8/8
  3640 | D:4      | Found a large runed door.
  3640 | D:4      | Found a large runed door.
  3775 | D:4      | Found a white marble altar of Elyvilon.
  4050 | D:4      | Noticed MisterFreud's ghost (amateur OpGl)
  4099 | D:5      | Entered Level 5 of the Dungeon
  4335 | D:5      | Reached skill level 5 in Fighting
  4494 | D:5      | Found a snail-covered altar of Cheibriados.
  4531 | D:5      | HP: 3/60 [ogre/+0 giant club (29)]
  5461 | D:5      | Found an ancient bone altar of Kikubaaqudgha.
  5461 | D:5      | Found a sacrificial altar of Ru.
  5664 | D:6      | Found a staircase to the Ecumenical Temple.
  5687 | D:6      | Found a runed door.
  5687 | D:6      | Noticed MalarOregon's ghost (novice MfIE)
  5721 | Temple   | Entered the Ecumenical Temple
  5892 | D:6      | Reached XP level 8. HP: 32/65 MP: 10/10
  6122 | D:6      | Reached skill level 5 in Unarmed Combat
  6122 | D:6      | Reached skill level 5 in Invocations
  6207 | D:6      | Found Tycycik's General Store.
  6261 | D:6      | Reached *** piety under Lugonu
  7008 | D:6      | Found an iron altar of Okawaru.
  7008 | D:6      | Found a deep blue altar of Sif Muna.
  7190 | D:4      | Killed MisterFreud's ghost
  7199 | D:4      | You fall through a shaft for 2 floors!
  7228 | D:6      | Killed MalarOregon's ghost
  7228 | D:6      | Reached XP level 9. HP: 36/77 MP: 12/12
  7525 | D:7      | Reached skill level 5 in Armour
  8015 | D:7      | Noticed a komodo dragon
  8017 | D:7      | Noticed Calas's ghost (novice GrFi)
  8019 | D:7      | Found a transporter.
  8024 | D:7      | Found a transporter.
  8031 | D:7      | a komodo dragon changed into a raiju
  8042 | D:7      | Noticed a wind drake
  8042 | D:7      | a raiju changed into a wind drake
  8051 | D:7      | Reached skill level 5 in Dodging
  8070 | D:7      | Noticed a spiny frog
  8070 | D:7      | a wind drake changed into a spiny frog
  8094 | D:7      | Noticed an orb spider
  8094 | D:7      | a spiny frog changed into an orb spider
  8111 | D:7      | Noticed a rime drake
  8111 | D:7      | an orb spider changed into a rime drake
  8130 | D:7      | a rime drake changed into an eye of draining
  8143 | D:7      | Noticed a queen bee
  8143 | D:7      | an eye of draining changed into a queen bee
  8151 | D:7      | a queen bee changed into a shapeshifter
  8152 | D:7      | Noticed a glowing orange brain
  8152 | D:7      | a shapeshifter changed into a glowing orange brain
  8289 | D:7      | Noticed a manticore
  8294 | D:7      | a manticore changed into a tarantella
  8380 | D:7      | Noticed a merfolk
  8398 | D:7      | Found a glowing silver altar of Zin.
  8622 | D:8      | Noticed Pikel
  8633 | D:8      | Killed Pikel
  8694 | D:8      | Found a sparkling altar of Nemelex Xobeh.
  8746 | D:8      | Reached XP level 10. HP: 76/86 MP: 14/14
  8781 | D:8      | HP: 1/86 [howler monkey (5)]
  9126 | D:8      | Reached **** piety under Lugonu
  9287 | D:8      | Noticed a cyclops
  9302 | D:8      | Slain by a cyclops

Vault maps used:
D:1:      nzn_arrival_depleted_hourglass, skrybe_limestone_x, minmay_hexomino_p4
D:2:      grunt_temple_overflow_open
D:3:      minmay_razor_zed, lemuel_crystal_altar, first_ration,
          chequers_ecumenical_altar_simple_redux, uniq_terence
D:4:      kennysheep_ying_yang, ebering_ghost_disaster_area,
          okawaru_metal_pillars_3, uniq_menkaure
D:5:      old_standard_altar, gammafunk_temple_overflow_wave,
          minmay_fountain_box
D:6:      nicolae_overflow_hidden_temple, minmay_temple_entry_glass,
          gammafunk_ghost_grave, serial_shops, shop, minmay_misc_feat_cross
D:7:      lemuel_round_altar, gammafunk_ghost_arena
D:8:      minmay_general_purpose_star, old_standard_altar, uniq_pikel
Temple:   kb_temple_of_zot

Skill      XL: |  1  2  3  4  5  6  7  8  9 |
---------------+----------------------------+-----
Dodging        | 1 2 3 4 5 |  5.7
Armour         | 2 3 4 5 |  5.9
Unarmed Combat | 3 4 5 7 |  7.2
Invocations    | 3 4 5 7 |  7.2
Fighting       | 4 5 6 7 |  7.6

Action                   |  1- 3 |  4- 6 |  7- 9 | 10-12 || total
-------------------------+-------+-------+-------+-------++-------
Melee: Unarmed           |   109 |   304 |   401 |    57 ||   871
       Punch             |     1 |     2 |    12 |     3 ||    18
Invok: Depart the Abyss  |     1 |       |       |       ||     1
  Use: Scroll            |       |     3 |     9 |       ||    12
       Potion            |       |     2 |     5 |     3 ||    10
  Eat: Chunk             |     7 |    24 |    23 |    11 ||    65
Armor: Scale mail        |    42 |   133 |   133 |     8 ||   316
       Leather armour    |     3 |       |       |       ||     3
Dodge: Dodged            |    52 |   163 |   205 |    19 ||   439

Table legend:
 A = Non-vault XP
 B = Vault XP
 C = Vault XP percentage of total XP
 D = Non-vault monster count
 E = Vault monster count
 F = Vault count percentage of total count
                 A         B        C        D         E       F
            +---------+---------+-------+---------+---------+-------
      Total |    3502 |    1557 |  30.8 |     153 |      16 |   9.5
            +---------+---------+-------+---------+---------+-------
        D:1 |      28 |       8 |  22.2 |      13 |       3 |  18.8
        D:2 |      53 |       0 |   0.0 |      19 |       0 |   0.0
        D:3 |     117 |      47 |  28.7 |      29 |       6 |  17.1
        D:4 |     266 |     404 |  60.3 |      25 |       2 |   7.4
        D:5 |     297 |       0 |   0.0 |      10 |       0 |   0.0
        D:6 |    1190 |     365 |  23.5 |      21 |       1 |   4.5
        D:7 |     979 |       0 |   0.0 |      19 |       0 |   0.0
        D:8 |     572 |     733 |  56.2 |      17 |       4 |  19.0
            +---------+---------+-------+---------+---------+-------
